 Dungeon Crawl Stone Soup version 0.31.0-9-g3a7656b989 (webtiles) character file.

Game seed: 18278847765649737584

70 qw the Shooter (level 4, -8/25 HPs)
             Began as a Deep Elf Hunter on Feb 2, 2024.
             Mangled by a gnoll
             ... wielding a +0 flail
              (10 damage)
             ... on level 2 of the Dungeon.
             The game lasted 00:00:05 (1103 turns).

qw the Shooter (Deep Elf Hunter)                    Turns: 1103, Time: 00:00:05

Health: -8/25      AC:  4    Str: 10    XL:     4   Next: 4%
Magic:  6/6        EV:  6    Int: 14    God:
Gold:   137        SH:  0    Dex: 18    Spells: 3/3 levels left

rFire   . . .        a - +0 shortbow
rCold   . . .        (shield currently unavailable)
rNeg    . . .        c - +0 leather armour
rPois   .            (no helmet)
rElec   .            i - +0 cloak
rCorr   .            (no gloves)
SInv    .            (no boots)
Will    .....        (no amulet)
Stlth   ++           (no ring)
HPRegen 0.24/turn    (no ring)
MPRegen 0.10/turn

%: no passive effects
@: held
A: no striking features
a: no special abilities


You were on level 2 of the Dungeon.
You visited 1 branch of the dungeon, and saw 2 of its levels.

You collected 137 gold pieces.


   Skills:
 - Level 1.5 Fighting
 + Level 7.4 Ranged Weapons
 - Level 2.4 Dodging
 - Level 1.2 Stealth


You had 3 spell levels left.
You didn't know any spells.
Your spell library was empty.

Inventory:

Hand Weapons
 a - a +0 shortbow (weapon)
Armour
 c - a +0 leather armour (worn)
 i - a +0 cloak (worn)
Scrolls
 d - a scroll of identify
Potions
 b - a potion of heal wounds {unknown}
 f - a potion of curing {unknown}
 k - a potion of attraction {unknown}

Dungeon Overview and Level Annotations

Branches:
Dungeon (2/15)

Altars:

Shops:
D:1 !((:   D:2 (


Message History

The goblin shouts!
The arrow hits the gnoll but does no damage.
The gnoll is severely wounded.
The gnoll barely misses you.
You shoot an arrow. The arrow hits the gnoll.
You kill the gnoll!
A ribbon worm comes into view.
You shoot an arrow. The arrow barely misses the goblin.
A gnoll comes into view. It is wielding a +1 heavy flail.
You shoot an arrow. The arrow hits the goblin!
You kill the goblin!
You shoot an arrow.
The arrow barely misses the ribbon worm.
You shoot an arrow. The arrow closely misses the gnoll. x2
The gnoll shouts!
You shoot an arrow.
The arrow hits the gnoll but does no damage.
You shoot an arrow. The arrow hits the gnoll.
The gnoll is lightly wounded.
A hobgoblin comes into view.
You shoot an arrow. The arrow barely misses the gnoll.
The gnoll misses you.
You shoot an arrow. The arrow barely misses the gnoll.
The ribbon worm completely misses you.
You shoot an arrow. The arrow hits the gnoll!
The gnoll is heavily wounded.
The gnoll closely misses you. The gnoll hits you but does no damage.
The ribbon worm bites you.
You shoot an arrow. The arrow barely misses the gnoll.
The gnoll barely misses you. The gnoll hits you with a +0 flail!
You shoot an arrow. The arrow hits the gnoll!
You kill the gnoll!
The ribbon worm expels a string of sticky webbing.
The stream of webbing hits you but does no damage.
You are caught in a web!
The gnoll barely misses you.
You have reached level 4!
You feel clever.
You struggle to detach yourself from the web.
The ribbon worm bites you but does no damage.
The gnoll hits you with a +0 flail!
You die...

#.# #.# #.. #### #.#
#.### ## .... #.# #...#
############ ###. #.#
###.# #..........# #.
#.######.# #..........#
#...
#.##.....###..........#
#..#
#.##..................#
..#8
#.##.....##.....).)...#
#..# #.##.....#
#...@g.!...# #..
##.##....)#
#...wg.....#
...##)....#
#.......)..#
#####.....#
#..........#
#.....###..........#
######..........###..
#..........# .
#........).#
#...........#


You could see a ribbon worm, a gnoll and a hobgoblin.

Vanquished Creatures
  3 gnolls (D:2)
  A dart slug (D:1)
  A ribbon worm (D:2)
  3 endoplasms
  2 giant cockroaches (D:1)
  5 hobgoblins
  A quokka (D:2)
  A ball python (D:1)
  5 bats
  3 frilled lizards (D:1)
  6 goblins
  4 kobolds
  A rat (D:1)
36 creatures vanquished.

Notes
Turn   | Place    | Note
-------+----------+-------------------------------------------
     0 | D:1      | qw the Deep Elf Hunter began the quest for the Orb.
     0 | D:1      | Reached XP level 1. HP: 12/12 MP: 3/3
     0 | D:1      | 0 ||| qw: Version: 0.3-a-155-g5e7d8dd
     0 | D:1      | 0 ||| qw: Game counter: 2435
     0 | D:1      | 0 ||| qw: Melee chars always use a shield: true
     0 | D:1      | 0 ||| qw: God list: Okawaru
     0 | D:1      | 0 ||| qw: Allow faded altars: false
     0 | D:1      | 0 ||| qw: Do Orc after clearing Dungeon:15 true
     0 | D:1      | 0 ||| qw: Do second Lair branch before Depths: true
     0 | D:1      | 0 ||| qw: Lair rune preference: random
     0 | D:1      | 0 ||| qw: Goals: Normal
     0 | D:1      | 0 ||| PLANNING D:1-11
    56 | D:1      | Found Zafyiqa's Distillery.
    67 | D:1      | 67 ||| SHOPLISTING potion of enlightenment (50 gold, have
                  | 0).
    67 | D:1      | 67 ||| SHOPLISTING potion of heal wounds (50 gold, have 0).
    67 | D:1      | 67 ||| SHOPLISTING potion of might (40 gold, have 0).
    83 | D:1      | 83 ||| DROPPING scroll of butterflies.
    90 | D:1      | Reached XP level 2. HP: 16/16 MP: 4/4
   145 | D:1      | Reached skill level 6 in Ranged Weapons
   295 | D:1      | Found Sayssobo's Antique Weapon Shop.
   367 | D:1      | Found Cupsib's Book Shoppe.
   428 | D:1      | Found Emichen's Weapon Shoppe.
   436 | D:1      | 436 ||| SHOPLISTING +7 sling of electrocution (447 gold,
                  | have 98).
   655 | D:1      | 655 ||| UPGRADING to +0 cloak.
   660 | D:1      | 660 ||| READING 2 scrolls labelled LUICIOQAOFO.
   761 | D:1      | 761 ||| READING scroll labelled ABY ET KUIMAPH.
   766 | D:1      | 766 ||| READING scroll labelled ESIUHY JEUNEQY.
   766 | D:1      | 766 ||| IDENTIFYING clear potion
   767 | D:1      | 767 ||| READING scroll labelled QASASIUNOC.
   768 | D:1      | 768 ||| READING scroll labelled FALLIAX REOTA.
   769 | D:1      | 769 ||| DROPPING scroll of vulnerability.
   770 | D:1      | 770 ||| DROPPING potion of lignification.
   804 | D:2      | Found Xukkal's Antique Weapon Boutique.
   853 | D:2      | Reached XP level 3. HP: 19/20 MP: 5/5
  1082 | D:2      | 1082 ||| RETREEEEATING.
  1084 | D:2      | Reached skill level 7 in Ranged Weapons
  1101 | D:2      | HP: 1/20 [gnoll/+0 flail (9)]
  1103 | D:2      | Reached XP level 4. HP: 2/25 MP: 6/6
  1103 | D:2      | Mangled by a gnoll

Levels and vault maps discovered:
D:1:      lemuel_arrival_broad_hall, layout_basic, serial_shops,
          nicolae_shop_statue_plus, nicolae_square_shop, shop,
          nicolae_shop_tiny_waterfront, serial_glass, glass_columns_c,
          glass_columns_b, item_on_display_a, minmay_strange_pillars,
          feat_on_display, item_on_display_a
D:2:      layout_basic, serial_shops, shop, kennysheep_doodads

Skill      XL: |  1  2  3 |
---------------+----------+-----
Ranged Weapons | 6 7 |  7.4
Fighting       | |  1.5
Dodging        | |  2.4
Stealth        | |  1.2

Action                     |  1- 3 |  4- 6 || total
---------------------------+-------+-------++-------
   Fire: Shortbow          |   122 |       ||   122
    Use: Scroll            |     5 |       ||     5
 Armour: Leather armour    |    35 |     2 ||    37
  Dodge: Dodged            |    39 |       ||    39

Table legend:
 A = Non-vault XP
 B = Vault XP
 C = Vault XP percentage of total XP
 D = Non-vault monster count
 E = Vault monster count
 F = Vault count percentage of total count
                 A         B        C        D         E       F
            +---------+---------+-------+---------+---------+-------
      Total |     101 |       0 |   0.0 |      36 |       0 |   0.0
            +---------+---------+-------+---------+---------+-------
        D:1 |      38 |       0 |   0.0 |      23 |       0 |   0.0
        D:2 |      63 |       0 |   0.0 |      13 |       0 |   0.0
            +---------+---------+-------+---------+---------+-------
